[Event "*** MasterClass Titled Tuesday Blitz"]
[Site "Chess.com"]
[Date "2017.12.05"]
[Round "3"]
[White "tteshan"]
[Black "1random"]
[Result "0-1"]
[WhiteElo "2011"]
[BlackElo "2195"]
[TimeControl "180+2"]
[EndTime "14:48:10 PST"]
[Termination "1random won by checkmate"]

1. d4 Nf6 2. c4 e6 3. Nc3 Bb4 4. e3 O-O 5. Bd3 c5 6. a3 Ba5 7. dxc5 Bxc3+ 8. bxc3 Na6 9. c6 dxc6 10. Nf3 Qc7 11. O-O e5 12. Bc2 Nc5 13. a4 Rd8 14. Qe2 Bg4 15. Ba3 Ne6 16. h3 Bh5 17. e4 Nf4 18.
Qe3 Bxf3 19. Qxf3 Rd2 20. Bb3 Rd3 21. Rad1 Rxf3 22. gxf3 Qc8 23. Bc1 N6h5 24. Bxf4 Nxf4 25. Rd6 Qxh3 26. Rfd1 Rf8 27. Rd8 g6 28. c5 Rxd8 29.
Rxd8+ Kg7 30. a5 Qg2# 0-1

[Event "*** MasterClass Titled Tuesday Blitz"]
[Site "Chess.com"]
[Date "2017.12.05"]
[Round "3"]
[White "otreborosnola"]
[Black "Sulvyfex"]
[Result "1-0"]
[WhiteElo "1020"]
[BlackElo "1321"]
[TimeControl "180+2"]
[EndTime "14:48:10 PST"]
[Termination "otreborosnola won by checkmate"]

1. e4 e5 2. Nf3 Nc6 3. Nc3 Nf6 4. Bc4 Bc5 5. d3 h6 6. h3 d6 7. Bd2 O-O 8. Na4 Bb6 9. Nxb6 axb6 10. Bc3 Qe7 11.
d4 exd4 12. Nxd4 Qxe4+ 13. Be2 Qxg2 14. Rf1 Bxh3 15. Nxc6 bxc6 16. Bxf6 gxf6 17. Qd2 Rfe8 18. O-O-O Kh7 19. Rg1 Qe4 20. Bd3 Qxd3 21. Qxd3+ f5 22.
Rg3 Bg4 23. Rxg4 h5 24. Qxf5+ Kh6 25. Qf4+ Kh7 26. Rh4 Kg8 27. Rxh5 Kf8 28. Rh8+ Ke7 29. Qg5+ f6 30. Qg7+ Ke6 31. Re1+ Kd5 32. Rexe8 Rxa2 33. Rh5+ Kc4 34. Qf7+ d5 35. Rh4+ Kc5 36. Qxf6 Ra1+ 37. Kd2 Ra5 38. Rh6 Kb4 39. Qxc6 Rc5 40. Rh4+ Rc4 41.
Rxc4+ dxc4 42. Re4 Ka5 43. Qxc7 Kb5 44. Qxc4+ Ka5 45.
Re5+ b5 46. Qxb5# 1-0

[Event "*** MasterClass Titled Tuesday Blitz"]
[Site "Chess.com"]
[Date "2017.12.05"]
[Round "3"]
[White "sandager"]
[Black "Saitama_Hero"]
[Result "0-1"]
[WhiteElo "1980"]
[BlackElo "2088"]
[TimeControl "180+2"]
[EndTime "14:48:12 PST"]
[Termination "Saitama_Hero won on time"]

1. e4 c5 2. Nf3 e6 3. d4 cxd4 4.
Nxd4 Nf6 5. Nc3 d6 6. Be2 Nc6 7.
O-O Be7 8. Be3 O-O 9. f4 Qc7 10. Kh1 a6 11. a4 Nxd4 12. Bxd4 e5 13. Be3 Be6 14. Bf3 Rac8 15. Qe1 Rfe8 16. Qg3 Bc4 17. Rf2 b5 18. axb5 axb5 19. Rd1 b4 20. Nd5 Bxd5 21. exd5 e4 22. Bg4 Ra8 23. Bh3 Ra2 24. Bd4 g6 25. f5 Qc4 26. fxg6 Qxd4 0-1

[Event "*** MasterClass Titled Tuesday Blitz"]
[Site "Chess.com"]
[Date "2017.12.05"]
[Round "3"]
[White "AndrBaryshpolets"]
[Black "timator"]
[Result "1-0"]
[WhiteElo "2478"]
[BlackElo "2349"]
[TimeControl "180+2"]
[EndTime "14:48:13 PST"]
[Termination "AndrBaryshpolets won on time"]

1. d4 Nf6 2. c4 e6 3. Nf3 b6 4. g3 Bb7 5. Bg2 Bb4+ 6. Bd2 Be7 7. O-O O-O 8. Nc3 d5 9. cxd5 exd5 10. Rc1 c5 11. Bg5 Nc6 12. dxc5 bxc5 13. Bxf6 Bxf6 14. Nxd5 Bxb2 15. Rb1 Nd4 16. Nf4 Bxf3 17. exf3 Ba3 18. Qa4 Bb4 19. Rfd1 Qa5 20. Rxb4 Qxb4 21. Qxb4 cxb4 22.
Rxd4 Rac8 23. Rxb4 Rc1+ 24. Bf1 Rd8 25. Kg2 Rc2 26. Bc4 h6 27. Bb3 Rcd2 28. h4 R8d7 29.
Rb5 R2d6 30. Rf5 g6 31. Ra5 Kg7 32. Nd5 Rc6 33. Ba4 1-0

[Event "*** MasterClass Titled Tuesday Blitz"]
[Site "Chess.com"]
[Date "2017.12.05"]
[Round "3"]
[White "Reshetkov"]
[Black "goingin33"]
[Result "0-1"]
[WhiteElo "2490"]
[BlackElo "2290"]
[TimeControl "180+2"]
[EndTime "14:48:18 PST"]
[Termination "goingin33 won by resignation"]

1. b3 e5 2. Bb2 Nc6 3. e3 Nf6 4. Bb5 e4 5. f3 d5 6. Nc3 a6 7.
Bxc6+ bxc6 8. fxe4 dxe4 9. Nge2 Bd6 10. Nf4 Bg4 11. Nce2 Nh5 12. O-O Nxf4 13. exf4 O-O 14. h3 Bc5+ 15. Kh1 Qh4 16. Qe1 Qh6 17. Kh2 Rad8 18.
Ng3 Rfe8 19. Nxe4 f5 20. Nxc5 Rxe1 21. Raxe1 Bxh3 22. d3 Bg4+ 23. Kg1 Qg6 24. Kf2 Qd6 25. b4 Qxf4+ 26. Kg1 Qxb4 27. Ne6 Re8 28. Ng5 Rxe1 29. Rxe1 Qxe1+ 0-1

[Event "*** MasterClass Titled Tuesday Blitz"]
[Site "Chess.com"]
[Date "2017.12.05"]
[Round "3"]
[White "TomasPabloFerreira"]
[Black "beza2009"]
[Result "1-0"]
[WhiteElo "931"]
[BlackElo "624"]
[TimeControl "180+2"]
[EndTime "14:48:18 PST"]
[Termination "TomasPabloFerreira won on time"]

1. e4 e5 2. Nf3 d6 3. Bc4 Nc6 4.
d4 h6 5. d5 Nd4 6. Nxd4 exd4 7. Qxd4 Nf6 8. O-O Be7 9. Nc3 O-O 10. Be2 c5 11. Qe3 a6 12. Qg3 Nh5 13. Bxh5 g5 14. f4 Bf6 15. fxg5 Be5 16. Bf4 Bd4+ 17. Kh1 Qe7 18.
gxh6+ Kh8 19. Bxd6 1-0

[Event "*** MasterClass Titled Tuesday Blitz"]
[Site "Chess.com"]
[Date "2017.12.05"]
[Round "3"]
[White "VladDobrov"]
[Black "Frolik67"]
[Result "1-0"]
[WhiteElo "2605"]
[BlackElo "2403"]
[TimeControl "180+2"]
[EndTime "14:48:19 PST"]
[Termination "VladDobrov won by resignation"]

1. d4 e6 2. c4 d5 3. Nc3 c6 4. e3 Nf6 5. Nf3 Bd6 6. Bd3 dxc4 7.
Bxc4 b5 8. Bd3 O-O 9. e4 Bc7 10.
e5 Nd5 11. Bxh7+ Kh8 12. Ng5 g6 13. Qf3 f6 14. Bxg6 Qe7 15. Qh5+ Kg8 16. Bh7+ Kh8 17. Nxd5 exd5 18. Bf5+ Kg8 19. Qg6+ Kh8 20. Qh6+ Kg8 21.
Bxc8 fxg5 22. Be6+ Rf7 23. Qg6+ Kf8 24. Bxg5 Qb4+ 25.
Kf1 Rxf2+ 26. Kxf2 Qxd4+ 27. Kf3 Qe4+ 28. Qxe4 dxe4+ 29. Kxe4 Na6 30. Rhf1+ Ke8 31. b4 Nxb4 32. Rad1 1-0

[Event "*** MasterClass Titled Tuesday Blitz"]
[Site "Chess.com"]
[Date "2017.12.05"]
[Round "3"]
[White "QuintilianoR"]
[Black "OparinGrigoriy"]
[Result "0-1"]
[WhiteElo "2516"]
[BlackElo "2722"]
[TimeControl "180+2"]
[EndTime "14:48:26 PST"]
[Termination "OparinGrigoriy won by resignation"]

1. d4 f5 2. Nf3 Nf6 3. g3 g6 4.
Bg2 Bg7 5. O-O O-O 6. c4 d6 7.
Nc3 c6 8. Rb1 Ne4 9. Qb3 Kh8 10. Rd1 Na6 11. Be3 Rb8 12. a3 Be6 13. Nxe4 fxe4 14. Ng5 Bg8 15. d5 b5 16. Ne6 Bxe6 17.
dxe6 Qa5 18. Qc2 bxc4 19. Qxc4 Nc5 20. b4 Qa4 21. Bd4 Bxd4 22. Rxd4 Kg8 23. e3 Qxa3 24. Bf1 a5 0-1

[Event "*** MasterClass Titled Tuesday Blitz"]
[Site "Chess.com"]
[Date "2017.12.05"]
[Round "3"]
[White "Lunaticx"]
[Black "AbdAlAgathos"]
[Result "1-0"]
[WhiteElo "2709"]
[BlackElo "2300"]
[TimeControl "180+2"]
[EndTime "14:48:30 PST"]
[Termination "Lunaticx won by resignation"]

1. e4 e6 2. d4 d5 3. exd5 exd5 4.
Bd3 c5 5. dxc5 Bxc5 6. Nf3 Nf6 7. Qe2+ Be7 8. O-O O-O 9. Nbd2 Nc6 10. c3 Re8 11. h3 Bd6 12. Qd1 Ne4 13. Nb3 Bf5 14.
Nbd4 Bg6 15. Re1 Rc8 16. Be3 Bb8 17. Bf1 a6 18. g3 Bh5 19. Bg2 h6 20. Qd3 Bg6 21.
Nxc6 Rxc6 22. Qd1 Rf6 23. Nd4 Nxg3 24. fxg3 Bxg3 25. Bd2 Bxe1 26. Bxe1 Be4 27. Bg3 Rg6 28. Kh2 Qg5 29. Qe1 h5 30. h4 Qg4 31. Bh3 Qxh3+ 32.
Kxh3 Bf5+ 33. Nxf5 Rxe1 34. Rxe1 1-0

[Event "*** MasterClass Titled Tuesday Blitz"]
[Site "Chess.com"]
[Date "2017.12.05"]
[Round "3"]
[White "oliver98"]
[Black "joppie2"]
[Result "0-1"]
[WhiteElo "2277"]
[BlackElo "2602"]
[TimeControl "180+2"]
[EndTime "14:48:39 PST"]
[Termination "joppie2 won by resignation"]

1. d4 e6 2. c4 b6 3. Nc3 Bb7 4.
e4 Bb4 5. Bd3 Ne7 6. Nf3 O-O 7.
O-O Bxc3 8. bxc3 d6 9. Bg5 f6 10. Be3 e5 11. c5 Kh8 12. cxd6 cxd6 13. a4 Nbc6 14. d5 Na5 15. Nd2 Rc8 16. Rc1 f5 17.
f3 Ng6 18. exf5 Nh4 19. Be4 Nxf5 20. Bf2 Ne7 21. c4 Ba6 22. Qe2 Qd7 23. Qd3 h6 24.
Bh4 Nf5 25. Bf2 Ne7 26. Bh4 Ng8 27. f4 exf4 28. g3 g5 29. gxf4 gxh4 30. Nf3 Bxc4 31. Qd4+ Qg7+ 32. Qxg7+ Kxg7 33. Rfe1 Rxf4 34. Nd4 Kh8 35.
Ne6 Rg4+ 36. Kf2 Nf6 37. Bf5 Nb3 38. Bxg4 Nxg4+ 39. Kf3 Bxd5+ 40. Kxg4 Rxc1 0-1

[Event "*** MasterClass Titled Tuesday Blitz"]
[Site "Chess.com"]
[Date "2017.12.05"]
[Round "3"]
[White "MMichael"]
[Black "Iball95"]
[Result "0-1"]
[WhiteElo "2303"]
[BlackElo "2585"]
[TimeControl "180+2"]
[EndTime "14:48:41 PST"]
[Termination "Iball95 won by resignation"]

1. d4 Nf6 2. c4 e6 3. Nc3 Bb4 4. a3 Bxc3+ 5. bxc3 c5 6. Nf3 b6 7. Bg5 h6 8. Bh4 Nc6 9. e3 d6 10. Qc2 Qc7 11. Bxf6 gxf6 12. Bd3 f5 13. d5 Ne7 14. Rd1 Bb7 15. Qa4+ Qd7 16. Qb3 Rg8 17. Bf1 Ng6 18. a4 f4 19. e4 e5 20. Rb1 Bc8 21.
Be2 Ke7 22. Bd1 Rb8 23. Qa2 Ba6 24. Be2 h5 25. h4 Nf8 26. Rh2 Nh7 27. Kd2 Nf6 28. Ng5 Ng4 29. Bxg4 Qxg4 30. f3 Qg3 31. Rbh1 Qf2+ 0-1

[Event "*** MasterClass Titled Tuesday Blitz"]
[Site "Chess.com"]
[Date "2017.12.05"]
[Round "3"]
[White "MRniceplay"]
[Black "likantrophuss"]
[Result "0-1"]
[WhiteElo "2254"]
[BlackElo "2464"]
[TimeControl "180+2"]
[EndTime "14:48:44 PST"]
[Termination "likantrophuss won by resignation"]

1. e4 Nf6 2. e5 Nd5 3. d4 d6 4.
c4 Nb6 5. exd6 cxd6 6. Bd3 g6 7. Ne2 Bg7 8. Be3 O-O 9. Nbc3 Nc6 10. b3 e5 11. d5 Nb4 12. Bb1 a5 13. a4 Nd7 14.
O-O Na6 15. f4 exf4 16. Bxf4 Qb6+ 17. Kh1 Ndc5 18. Nd4 Nxb3 19. Nxb3 Bxc3 20. Bc2 Nb4 21. Rb1 Nxc2 22. Qxc2 Bg7 23. Bg3 Bf5 24. Rxf5 gxf5 25. Qxf5 Rfe8 26. Nd2 Qd4 27. Nf3 Qe4 28. Qxe4 Rxe4 29.
c5 dxc5 30. d6 Rxa4 31. d7 Ra1 32. Rxa1 Bxa1 33. Bh4 f6 34. Bg3 Rd8 0-1

[Event "*** MasterClass Titled Tuesday Blitz"]
[Site "Chess.com"]
[Date "2017.12.05"]
[Round "3"]
[White "dtn70"]
[Black "Sheik777"]
[Result "1-0"]
[WhiteElo "2276"]
[BlackElo "1768"]
[TimeControl "180+2"]
[EndTime "14:48:49 PST"]
[Termination "dtn70 won on time"]

1. e4 e6 2. d3 c5 3. Nd2 Nc6 4. Ngf3 d5 5. g3 g6 6. Bg2 Bg7 7. O-O Nge7 8. Re1 b6 9. c3 O-O 10. e5 Qc7 11. Qe2 g5 12. Nxg5 Qxe5 13. Qxe5 Nxe5 14.
Bf1 Ba6 15. d4 Bxf1 16. dxe5 Bd3 17. f4 a5 18. a4 c4 19. Ndf3 Rfb8 20. Nd4 h6 21.
Ngf3 h5 22. Ng5 Nf5 23. Nb5 Bf8 24. Kg2 Be7 25. Nf3 Bc5 26. h3 Be4 27. Rxe4 dxe4 28.
Ng5 e3 29. g4 e2 30. Bd2 Rd8 31. Be1 1-0

[Event "*** MasterClass Titled Tuesday Blitz"]
[Site "Chess.com"]
[Date "2017.12.05"]
[Round "3"]
[White "JoachimBN"]
[Black "ChessWarrior7197"]
[Result "1-0"]
[WhiteElo "2522"]
[BlackElo "2645"]
[TimeControl "180+2"]
[EndTime "14:48:54 PST"]
[Termination "JoachimBN won by resignation"]

1. c4 Nf6 2. Nc3 e6 3. Nf3 d5 4. e3 Be7 5. b3 b6 6. Bb2 Bb7 7. d4 O-O 8. Bd3 c5 9. O-O cxd4 10. exd4 Nc6 11. Rc1 dxc4 12. bxc4 Rc8 13. Re1 Na5 14. Ne5 Ba6 15. Nb5 Bxb5 16. cxb5 Qd5 17. Qa4 Bd6 18. Nc6 Nxc6 19. bxc6 Bb8 20. g3 Rfd8 21. Ba6 Rc7 22. Re5 Qd6 23. h3 h5 24. Kg2 h4 25. g4 Nd5 26.
Ba3 Nf4+ 27. Kf3 Qxd4 28. Qxd4 Rxd4 29. Re4 Rxe4 30. Kxe4 Nxh3 31. Bd6 Nxf2+ 32. Kf3 Nd3 33. Bxd3 Rc8 34. Bxb8 Rd8 35. c7 1-0

[Event "*** MasterClass Titled Tuesday Blitz"]
[Site "Chess.com"]
[Date "2017.12.05"]
[Round "3"]
[White "sorito"]
[Black "kleinebeer98"]
[Result "0-1"]
[WhiteElo "2373"]
[BlackElo "2484"]
[TimeControl "180+2"]
[EndTime "14:48:55 PST"]
[Termination "kleinebeer98 won by resignation"]

1. d4 Nf6 2. Nf3 e6 3. Bf4 c5 4.
e3 Nc6 5. c3 Be7 6. Nbd2 O-O 7.
Bd3 b6 8. O-O Bb7 9. a3 h6 10. h3 d6 11. b4 Rc8 12. Qb1 Nd5 13. Qb2 Nxf4 14. exf4 Bf6 15. Ne4 cxd4 16. cxd4 g6 17.
Nxf6+ Qxf6 18. g3 Ne7 19. Qe2 Bxf3 20. Qxf3 Qxd4 21. Rfd1 Rc3 22. Kg2 Qf6 23. Ra2 d5 24.
Qe2 Rfc8 25. h4 h5 26. a4 Nc6 27. Rb2 Nd4 28. Qe5 Qxe5 29. fxe5 Nc6 30. a5 Nxe5 31. Bf1 Rc2 32. Rxc2 Rxc2 33. axb6 axb6 34. Ra1 Ng4 35. Ra6 Rxf2+ 36. Kg1 Rf3 37. Kg2 Rb3 38. Rxb6 Ne3+ 39. Kf2 Nxf1 40. Kxf1 Rxg3 0-1

[Event "*** MasterClass Titled Tuesday Blitz"]
[Site "Chess.com"]
[Date "2017.12.05"]
[Round "3"]
[White "jjosu"]
[Black "Diwi89"]
[Result "1-0"]
[WhiteElo "2525"]
[BlackElo "2719"]
[TimeControl "180+2"]
[EndTime "14:49:00 PST"]
[Termination "jjosu won by resignation"]

1. e4 c5 2. Nf3 Nc6 3. d4 cxd4 4. Nxd4 Nf6 5. Nc3 e5 6. Ndb5 d6 7. Bg5 a6 8. Na3 b5 9. Bxf6 gxf6 10. Nd5 f5 11. c3 Bg7 12. Nxb5 axb5 13. Bxb5 Bd7 14.
exf5 O-O 15. O-O e4 16. Re1 Re8 17. Qh5 Re5 18. Rad1 Ne7 19. Bxd7 Qxd7 20. Nb6 Qc6 21.
Nxa8 Nxf5 22. Qh3 Qxa8 23. g4 Ne7 24. Rxd6 Ng6 25. Red1 Qxa2 26. R6d2 h6 27. Qe3 Qe6 28. h3 Qf6 29. Rd6 Qh4 30. b4 h5 31. Qg3 Qg5 32. c4 Nf4 33. Kf1 Ne6 34. R6d5 e3 35. Rxe5 Bxe5 36. Qxe3 Bf4 37. Qf3 h4 38. c5 Qe5 39. Kg2 Bg5 40. Kh1 Nd4 41. Qg2 Bf6 42. Rf1 Ne6 43. Qf3 Nd4 44. Qe3 Qd5+ 45. f3 Ne6 46. Qe4 Qd2 47. c6 Bd8 48. f4 Bc7 49. Qg2 Qxb4 50. f5 Ng5 51.
Qf2 Ne4 52. Qe1 Ng3+ 53. Kg2 Nxf1 54. Qxb4 Ne3+ 55. Kf3 Nd5 56. Qd4 Ne7 57. Qd7 1-0

[Event "*** MasterClass Titled Tuesday Blitz"]
[Site "Chess.com"]
[Date "2017.12.05"]
[Round "3"]
[White "Quiet_Desperation"]
[Black "Rodalquilar"]
[Result "1-0"]
[WhiteElo "2350"]
[BlackElo "2491"]
[TimeControl "180+2"]
[EndTime "14:49:00 PST"]
[Termination "Quiet_Desperation won by checkmate"]

1. e4 Nf6 2. e5 Nd5 3. Nc3 Nxc3 4. bxc3 d5 5. d4 c5 6. Nf3 Bg4 7. h3 Bxf3 8. Qxf3 e6 9. Bb5+ Nc6 10. O-O Be7 11.
Qg3 g6 12. Bh6 Qb6 13. Rab1 cxd4 14. cxd4 Qxd4 15. Bxc6+ bxc6 16. Rb7 Qh4 17. Qe3 d4 18. Qd2 a5 19. Rfb1 Rd8 20. g3 Qe4 21. Bg7 d3 22. Qxa5 Qd5 23. Qxd5 Rxd5 24. cxd3 Rg8 25. Rb8+ Bd8 26.
Bf6 Rf8 27. R1b7 Rd7 28. Rxd8+ Rxd8 29. Re7# 1-0

[Event "*** MasterClass Titled Tuesday Blitz"]
[Site "Chess.com"]
[Date "2017.12.05"]
[Round "3"]
[White "michaelk123"]
[Black "Zkid"]
[Result "0-1"]
[WhiteElo "2290"]
[BlackElo "2536"]
[TimeControl "180+2"]
[EndTime "14:49:04 PST"]
[Termination "Zkid won by resignation"]

1. e4 c5 2. Nf3 d6 3. d4 cxd4 4.
Qxd4 Nc6 5. Bb5 Bd7 6. Qd3 g6 7. c4 Bg7 8. Nc3 Nf6 9. h3 a6 10. Bxc6 Bxc6 11. O-O Nd7 12. Be3 O-O 13. Bd4 Ne5 14. Bxe5 dxe5 15. Qe3 e6 16. Rfd1 Qe7 17. Rd2 Rfd8 18. Rad1 Bf6 19. Qb6 Rxd2 20. Rxd2 Kf8 21. b4 Rc8 22. c5 Qc7 23. Qxc7 Rxc7 24. h4 h5 25. g3 Ke7 26. a4 Be8 27. Rd3 a5 28.
Nb5 Bxb5 29. axb5 axb4 30. Rb3 Rxc5 31. Rxb4 Kd6 32. Kg2 Bd8 33. Nd2 Rc2 34. Nf3 Bb6 35. Ng5 Rxf2+ 36. Kh3 f6 37. Nf7+ Ke7 38. Nh6 Be3 39.
Ng8+ Kf7 40. Rb3 Re2 41. Nxf6 Kxf6 42. Rc3 Bg1 43. g4 Re3+ 44. Rxe3 Bxe3 45. gxh5 gxh5 0-1

[Event "*** MasterClass Titled Tuesday Blitz"]
[Site "Chess.com"]
[Date "2017.12.05"]
[Round "3"]
[White "ImadAK"]
[Black "pbaglioni"]
[Result "1-0"]
[WhiteElo "1317"]
[BlackElo "1417"]
[TimeControl "180+2"]
[EndTime "14:49:33 PST"]
[Termination "ImadAK won by resignation"]

1. d4 d5 2. c4 e6 3. Nc3 Bb4 4. a3 Bxc3+ 5. bxc3 Nf6 6. Bg5 Nbd7 7.
e3 c6 8. Nf3 a6 9. h3 O-O 10.
cxd5 cxd5 11. Bd3 Qe8 12. Ne5 Nxe5 13. dxe5 Ne4 14. Bxe4 dxe4 15. O-O h6 16. Bf4 Qc6 17. Rc1 Bd7 18. Qg4 g5 19. Bg3 Qc8 20. Qxe4 Kg7 21. h4 Bc6 22. Qg4 Qd8 23. hxg5 Qxg5 24. Qxg5+ hxg5 25. f3 f5 26. exf6+ Rxf6 27. Be5 Rd8 28. Kf2 Kg6 29. Bxf6 Kxf6 30. Rcd1 Rh8 31. Rd6 Rh4 32. Rd4 Rh7 33. Rfd1 Bd5 34. c4 Bc6 35. e4 Ba4 36. R1d2 Bc6 37. Rd8 Re7 38. Rf8+ Kg7 39. Rdd8 b5 40.
cxb5 Bxb5 41. Rg8+ Kh7 42. Rxg5 Rc7 43. Kg3 Rc3 44.
Rh5+ Kg7 45. Rd6 Bc4 46. a4 Ra3 47. Rc5 Rxa4 48. Rd4 Bb5 49. Rxa4 Bxa4 50. Kg4 1-0

[Event "*** MasterClass Titled Tuesday Blitz"]
[Site "Chess.com"]
[Date "2017.12.05"]
[Round "3"]
[White "Jumbo"]
[Black "dawtonlms"]
[Result "1-0"]
[WhiteElo "2448"]
[BlackElo "2240"]
[TimeControl "180+2"]
[EndTime "14:49:35 PST"]
[Termination "Jumbo won on time"]

1. Nf3 Nf6 2. g3 e6 3. Bg2 d5 4.
O-O Be7 5. d3 O-O 6. Nbd2 c5 7.
e4 b5 8. Re1 a5 9. e5 Nfd7 10.
Nf1 a4 11. a3 Nc6 12. h4 Ba6 13.
N1h2 b4 14. Ng4 bxa3 15. bxa3 Nd4 16. Nxd4 cxd4 17. h5 Re8 18. h6 g6 19. Qf3 Qc7 20.
Re2 Rab8 21. Qf4 Qc3 22. Ra2 Rb1 23. Kh2 Reb8 24. Bd2 Qc6 25. Qxd4 Bc5 26. Qf4 Qb5 27. c4 dxc4 28. d4 Be7 29. d5 Nf8 30. Nf6+ Kh8 31. d6 Bd8 32. Bb4 Bb7 33. f3 Bc6 34. d7 Rxb4 35. axb4 Qxb4 36. Rab2 Qxb2 37. Rxb2 Rxb2 38. Ne8 Kg8 39. Nd6 f5 40. exf6 Nxd7 41. f7+ Kf8 42. Qd4 Bf6 43. Qxc4 Rxg2+ 44. Kxg2 Bxf3+ 45. Kh2 Ke7 46. Qc7 1-0

[Event "*** MasterClass Titled Tuesday Blitz"]
[Site "Chess.com"]
[Date "2017.12.05"]
[Round "3"]
[White "GMBenjaminBok"]
[Black "ChessQueen"]
[Result "1/2-1/2"]
[WhiteElo "2601"]
[BlackElo "2598"]
[TimeControl "180+2"]
[EndTime "14:49:36 PST"]
[Termination "Game drawn by agreement"]

1. Nf3 Nf6 2. Ng1 e6 3. Nf3 b6 4. Ng1 Bb7 5. Nf3 Be7 6. g3 O-O 7. Bg2 c5 8. O-O Nc6 9. d3 d5 10. c3 Qc7 11. Nbd2 Rad8 12. Qc2 Rfe8 13. Re1 Bf8 14. b3 e5 15. e4 dxe4 16. Nxe4 Nxe4 17. dxe4 Ba6 18. Bf1 Bxf1 19. Rxf1 c4 20. Be3 cxb3 21. axb3 Nb4 22. Qb2 Nd3 23. Qc2 Qb7 24. Nd2 Rd7 25. Rfd1 Red8 26. f3 Qc6 27. c4 Bc5 28. Nf1 Bxe3+ 29.
Nxe3 Qc5 30. Qe2 Nf4 31. gxf4 exf4 32. Rxd7 Rxd7 33. Re1 fxe3 34. Qxe3 Qxe3+ 35. Rxe3 Rd2 36. Rc3 Rb2 37. c5 bxc5 38. Rxc5 g6 39. Rb5 Kg7 40. Rb7 a5 41. Rb5 Kf6 42. Rxa5 Rxb3 43. Kg2 1/2-1/2

[Event "*** MasterClass Titled Tuesday Blitz"]
[Site "Chess.com"]
[Date "2017.12.05"]
[Round "3"]
[White "Rhinos1"]
[Black "FearNoEvil12"]
[Result "0-1"]
[WhiteElo "2035"]
[BlackElo "2049"]
[TimeControl "180+2"]
[EndTime "14:49:37 PST"]
[Termination "FearNoEvil12 won by checkmate"]

1. e4 a6 2. Bc4 e6 3. Nf3 b5 4. Bb3 Bb7 5. O-O Bxe4 6. d3 Bb7 7. Nc3 Nf6 8. Bg5 d6 9. a4 b4 10. Ne4 Be7 11. Re1 Nbd7 12. h3 h6 13. Bd2 O-O 14. Nxf6+ Bxf6 15. Bxb4 Bxb2 16. Rb1 Bf6 17.
Bd2 Rb8 18. Be3 c5 19. Bf4 e5 20. Bd2 Bg5 21. Nxg5 hxg5 22. Qg4 d5 23. Bxg5 f6 24. Qe6+ Rf7 25. Bd2 Nf8 26. Qg4 Qd7 27. Qh5 Bc6 28. Bxd5 Qxd5 29. Qg4 Rxb1 30. Rxb1 f5 31. Qg5 Ne6 32.
Qg6 Rf6 33. Rb8+ Nf8 34. Qg5 Kf7 35. f3 Qd6 36. Qh5+ Kg8 37. Rc8 Bd7 38. Ra8 Bxa4 39.
Bg5 Rg6 40. Ra7 Bxc2 41. Be7 Qd4+ 42. Kh1 Qf2 43. g4 Qxf3+ 44. Kh2 Qf2+ 45. Kh1 Bxd3 46. Bxf8 Be4# 0-1

[Event "*** MasterClass Titled Tuesday Blitz"]
[Site "Chess.com"]
[Date "2017.12.05"]
[Round "3"]
[White "yurisolo"]
[Black "moro182"]
[Result "1-0"]
[WhiteElo "2495"]
[BlackElo "2607"]
[TimeControl "180+2"]
[EndTime "14:49:46 PST"]
[Termination "yurisolo won by resignation"]

1. e4 e5 2. Nf3 Nc6 3. Bb5 a6 4. Ba4 Nf6 5. O-O b5 6. Bb3 Bc5 7.
a4 Rb8 8. c3 d6 9. d4 Bb6 10. a5 Ba7 11. h3 O-O 12. Be3 Ra8 13. Nbd2 h6 14. Re1 Re8 15. Nf1 exd4 16. Nxd4 Ne5 17.
Ng3 Bb7 18. Ndf5 Nxe4 19. Nxe4 Bxe4 20. Nxg7 Kxg7 21. Bxa7 Bxg2 22. Kxg2 Rxa7 23. f4 Nc6 24. Qg4+ Kh8 25. Bxf7 Rf8 26. Qg6 Qh4 27. Re3 Nd8 28. Rg3 Qxg3+ 29. Kxg3 Nxf7 30. Kh2 c5 31. Rg1 Ng5 1-0

[Event "*** MasterClass Titled Tuesday Blitz"]
[Site "Chess.com"]
[Date "2017.12.05"]
[Round "3"]
[White "Sungho"]
[Black "Winehouse83"]
[Result "1-0"]
[WhiteElo "2366"]
[BlackElo "2377"]
[TimeControl "180+2"]
[EndTime "14:49:49 PST"]
[Termination "Sungho won by resignation"]

1. d4 Nf6 2. Bf4 c5 3. d5 e6 4. Nc3 Qb6 5. Rb1 c4 6. e3 Bb4 7. Bxc4 exd5 8. Bb3 Nc6 9. Ne2 O-O 10. O-O Ne7 11.
Nxd5 Nexd5 12. Bxd5 Nxd5 13. Qxd5 Qc6 14. Qd4 Bc5 15. Qd3 d5 16. Rfd1 Be6 17. Be5 Rac8 18. Bd4 b6 19. c3 Qa4 20. Rd2 g6 21. b3 Qa3 22. Ng3 Bd6 23. Rf1 h5 24. Qe2 h4 25.
Nh1 Bb8 26. f4 Qe7 27. Nf2 f5 28. Nh3 Bd6 29. Ng5 Bc5 30. Be5 Rfe8 31. Kh1 Bd7 32. Qf2 Bb5 33. Re1 Bd6 34. Bd4 Qf8 35. Qxh4 1-0

[Event "*** MasterClass Titled Tuesday Blitz"]
[Site "Chess.com"]
[Date "2017.12.05"]
[Round "3"]
[White "LastHeroJr"]
[Black "MaxLeto"]
[Result "1-0"]
[WhiteElo "2419"]
[BlackElo "2406"]
[TimeControl "180+2"]
[EndTime "14:49:49 PST"]
[Termination "LastHeroJr won by checkmate"]

1. e4 c5 2. Nf3 d6 3. d4 cxd4 4. Nxd4 Nf6 5. Nc3 a6 6. Bg5 Nbd7 7. Qe2 h6 8. Bxf6 Nxf6 9. O-O-O e5 10. Nf5 Be6 11. Ne3 Be7 12. Kb1 O-O 13. g3 Rc8 14. Ned5 b5 15. Nxf6+ Bxf6 16. Nd5 Rc5 17. h4 Bxd5 18. exd5 a5 19. Qe4 Re8 20. Bd3 Qa8 21. Qh7+ Kf8 22. Be4 a4 23. g4 a3 24. Rdg1 Qa4 25.
Rh3 axb2 26. g5 Ra8 27. a3 hxg5 28. hxg5 Bd8 29. Rf3 Ke7 30. Qxg7 Kd7 31. Rxf7+ Kc8 32. Bf5+ Kb8 33. Rb7# 1-0

[Event "*** MasterClass Titled Tuesday Blitz"]
[Site "Chess.com"]
[Date "2017.12.05"]
[Round "3"]
[White "bascheyaro"]
[Black "ENEASZ"]
[Result "1-0"]
[WhiteElo "2610"]
[BlackElo "2411"]
[TimeControl "180+2"]
[EndTime "14:49:52 PST"]
[Termination "bascheyaro won by checkmate"]

1. d4 Nf6 2. c4 e6 3. Nf3 d5 4. Bg5 Nbd7 5. e3 Be7 6. Nc3 c6 7. Qc2 dxc4 8. Bxc4 Nd5 9. Bxe7 Qxe7 10. O-O O-O 11. e4 Nxc3 12. bxc3 e5 13. Rad1 b6 14. a4 Bb7 15. Rfe1 h6 16. Qa2 g6 17. h3 Kg7 18.
dxe5 Rae8 19. e6 fxe6 20. Bxe6 Nc5 21. Bc4 Rxf3 22. gxf3 Qg5+ 23. Kh1 Qh5 24. Bf1 Bc8 25. Kh2 Qe5+ 26. Kg1 Qg5+ 27. Kh1 Qh5 28. Kh2 Qe5+ 29. f4 Qxf4+ 30. Kg1 Nxe4 31. Bg2 Bf5 32. Qe2 h5 33. Qe3 Qb8 34. Rd4 Nf6 35. Qc1 Rxe1+ 36. Qxe1 c5 37.
Qe7+ Kh6 38. Rd8 Qf4 39. Qxf6 Qc1+ 40. Bf1 Bxh3 41. Rh8# 1-0

[Event "*** MasterClass Titled Tuesday Blitz"]
[Site "Chess.com"]
[Date "2017.12.05"]
[Round "3"]
[White "ArnaudovP"]
[Black "Grebeniuk-S"]
[Result "1-0"]
[WhiteElo "2438"]
[BlackElo "2390"]
[TimeControl "180+2"]
[EndTime "14:49:52 PST"]
[Termination "ArnaudovP won by resignation"]

1. d4 f5 2. c4 Nf6 3. Nc3 g6 4. h4 d6 5. h5 Bg7 6. h6 Bf8 7.
Nh3 e6 8. Bg5 Be7 9. e3 O-O 10.
Qc2 b6 11. Be2 Bb7 12. Bf3 Bxf3 13. gxf3 Nc6 14. Rg1 Nh5 15. O-O-O Bf6 16. f4 a6 17.
d5 exd5 18. Nxd5 Bxg5 19. fxg5 Ne7 20. f4 Nxd5 21. cxd5 Re8 22. Rge1 Ng3 23. Nf2 Ne4 24. Nxe4 Rxe4 25. Rd4 Re7 26. e4 fxe4 27. Rdxe4 Rxe4 28. Rxe4 Qd7 29. Qc3 Rf8 30. b3 Rf7 31. Re6 Re7 32.
Qf6 Rf7 33. Qd4 Re7 34. Qe4 Rf7 35. a4 Kf8 36. Qd4 Kg8 37. Kb2 a5 38. Ka3 Re7 39.
f5 gxf5 40. g6 hxg6 41. Rxg6+ Kh7 42. Rf6 Rf7 43. Re6 Qd8 44. Qg1 Qh4 45. Qg6+ Kh8 46.
Re8+ 1-0